 Dungeon Crawl Stone Soup version 0.23.2-1-ga50397a6bc (webtiles) character file.

Game seed: 9983493603733511846

139 Mrkan the Chopper (level 5, 0/47 HPs)
             Began as a Hill Orc Monk on May 13, 2019.
             Was a Believer of Beogh.
             Succumbed to a worker ant's poison
             ... on level 4 of the Dungeon.
             The game lasted 00:05:50 (2593 turns).

Mrkan the Chopper (Hill Orc Monk)                   Turns: 2593, Time: 00:05:51

Health: 0/47       AC:  2    Str: 15    XL:     5   Next: 22%
Magic:  5/5        EV: 13    Int: 10    God:    Beogh [**....]
Gold:   184        SH:  0    Dex: 13    Spells: 4/4 levels left

rFire    . . .     SeeInvis .   a - +0 hand axe
rCold    . . .     Gourm    .   (no shield)
rNeg     . . .     Faith    .   b - +0 robe
rPois    .         Spirit   .   (no helmet)
rElec    .         Reflect  .   (no cloak)
rCorr    .         Harm     .   (no gloves)
MR       .....                  (no boots)
Stlth    ++........             (no amulet)
HPRegen  0.15/turn              (no ring)
MPRegen  0.09/turn              (no ring)

@: lethally poisoned (0 -> -8)
A: no striking features
a: Smiting, Renounce Religion


You were on level 4 of the Dungeon.
You worshipped Beogh.
Beogh was pleased with you.
You were not hungry.

You visited 1 branch of the dungeon, and saw 4 of its levels.

You collected 184 gold pieces.

Inventory:

Hand Weapons
 a - a +0 hand axe (weapon)
Armour
 b - a +0 robe (worn)
Jewellery
 g - an uncursed ring of magical power {unknown}
Wands
 k - a wand of digging (5)
Scrolls
 e - 2 scrolls of remove curse {unknown}
 f - 2 scrolls of enchant armour {unknown}
 h - 6 scrolls of identify {unknown}
 i - a scroll of teleportation {unknown}
 j - a scroll of fog {unknown}
Potions
 d - a potion of cancellation {unknown}
Comestibles
 c - 3 rations


   Skills:
 + Level 4.3 Fighting
 * Level 7.0 Axes
 - Level 2.5 Dodging
 - Level 1.5 Stealth


You had 4 spell levels left.
You didn't know any spells.
Your spell library was empty.

Dungeon Overview and Level Annotations

Branches:
Dungeon (4/15)
 Temple: D:4-7

Altars:

Annotations:
D:4 Grinder


Message History

You feel sick. The worker ant misses you.
You hit the worker ant but do no damage.
The worker ant is heavily wounded.
The worker ant bites you.
You are more poisoned.
The worker ant poisons you!
You barely miss the worker ant.
The worker ant is heavily wounded.
You feel sick. The worker ant barely misses you. The worker ant bites you.
* * * LOW HITPOINT WARNING * * *
You hit the worker ant.
The worker ant is heavily wounded.
* * * LOW HITPOINT WARNING * * *
You feel sick. The worker ant bites you.
* * * LOW HITPOINT WARNING * * *
* * * LOW HITPOINT WARNING * * *
You feel sick.
* * * LOW HITPOINT WARNING * * *
You feel sick.
You die...

..#.# #...# ###
#.### #.####
#....# ####.#
.?......# #.#
........# #.#
........# #.#
........# #@#
........#####.#
............#a#
............#.#
#...........#w#
#...........#.#
#...........#.#
#...###.w.....#
#.# #########


You could see a worm and a worker ant.

Vanquished Creatures
  A worker ant (D:4)
  3 adders
  A gnoll (D:1)
  3 worms (D:2)
  A dart slug (D:1)
  A leopard gecko (D:3)
  6 orcs (D:3)
  A ball python (D:2)
  3 giant cockroaches
  9 goblins
  6 hobgoblins
  6 jackals
  8 bats
  3 frilled lizards
  5 kobolds
  7 rats (D:1)
64 creatures vanquished.

Notes
Turn   | Place    | Note
-------+----------+-------------------------------------------
     0 | D:1      | Mrkan the Hill Orc Monk began the quest for the Orb.
     0 | D:1      | Reached XP level 1. HP: 19/19 MP: 1/1
   242 | D:1      | Reached XP level 2. HP: 23/27 MP: 2/2
   481 | D:1      | Reached skill level 5 in Axes
   590 | D:1      | Reached XP level 3. HP: 30/33 MP: 3/3
  1122 | D:2      | Reached XP level 4. HP: 33/40 MP: 4/4
  1401 | D:2      | Reached skill level 6 in Axes
  1943 | D:3      | Became a worshipper of Beogh the Brigand
  1943 | D:3      | Reached * piety under Beogh
  1943 | D:3      | Reached ** piety under Beogh
  2268 | D:3      | Reached XP level 5. HP: 28/47 MP: 5/5
  2500 | D:4      | Reached skill level 7 in Axes
  2505 | D:4      | Noticed Grinder
  2591 | D:4      | HP: 2/47 [poisoned by a worker ant]
  2593 | D:4      | Succumbed to a worker ant's poison

Skill      XL: |  1  2  3  4  5 |
---------------+----------------+-----
Fighting       | 4 |  4.3
Axes           | 5 6 7 |  7.0
Dodging        | |  2.5
Stealth        | |  1.5

Action                   |  1- 3 |  4- 6 || total
-------------------------+-------+-------++-------
Melee: Hand axe          |    91 |   142 ||   233
Invok: Convert to Beogh  |       |     1 ||     1
       Smiting           |       |     1 ||     1
 Stab: Sleeping          |     7 |     3 ||    10
  Eat: Ration            |       |     1 ||     1
       Chunk             |       |     2 ||     2
Armor: Robe              |    20 |    12 ||    32
Dodge: Dodged            |    72 |    85 ||   157
